[ AOE2 MATCH · #481178143 ]
Team RMBritons vs Britons
[ REPLAY ANALYSIS · EXTRACTED FROM THE RECORDED GAME ]
Feudal
9:47
Castle
24:01
Imperial
—
| APM avg | 32.0 |
| APM peak | 75 |
| eAPM avg | 19.0 |
| Villagers / military | 99 / 123 |
Focus
⚔️ 19.7% · 🌾 80.3%
Archer ×115 · Spearman ×8
Feudal
10:15
Castle
24:11
Imperial
40:47
| APM avg | 36.3 |
| APM peak | 67 |
| eAPM avg | 16.7 |
| Villagers / military | 96 / 117 |
Focus
⚔️ 41.7% · 🌾 58.3%
Archer ×104 · Mangonel ×9 · Monk ×2 · Spearman ×1 · Battering Ram ×1
Feudal
9:02
Castle
23:25
Imperial
—
| APM avg | 44.7 |
| APM peak | 76 |
| eAPM avg | 22.0 |
| Villagers / military | 116 / 154 |
Focus
⚔️ 31.7% · 🌾 68.3%
Archer ×134 · Keshik ×11 · Monk ×4 · Spearman ×3 · Mangonel ×1 · Battering Ram ×1
Feudal
11:35
Castle
24:13
Imperial
—
| APM avg | 31.0 |
| APM peak | 94 |
| eAPM avg | 16.8 |
| Villagers / military | 101 / 33 |
Focus
⚔️ 23.8% · 🌾 76.2%
Skirmisher ×16 · Militia ×5 · Spearman ×4 · Archer ×4 · Mangonel ×4
Feudal
8:59
Castle
20:52
Imperial
39:52
| APM avg | 45.8 |
| APM peak | 89 |
| eAPM avg | 17.1 |
| Villagers / military | 108 / 113 |
Focus
⚔️ 17.6% · 🌾 82.4%
Knight ×105 · Scout Cavalry ×6 · Monk ×2
Feudal
9:58
Castle
22:21
Imperial
—
| APM avg | 24.4 |
| APM peak | 50 |
| eAPM avg | 10.8 |
| Villagers / military | 85 / 75 |
Focus
⚔️ 31.0% · 🌾 69.0%
Knight ×69 · Scout Cavalry ×4 · Spearman ×2
Match map
Initial resources + every placement click. Lines = walls · curves = elevation contours. ◆ gold · ⬟ stone · ● berries · ✦ relic · ◌ wall gap
Your base· ✓ Closed at 24:01 · 38t walls · 1 gate(s)
Malaria's base· ✓ Closed at 24:11 · 40t walls · 1 gate(s)
Klabusterperle's base· Open — 3t gap
Death's Whale's base· ✓ Closed at 24:13 · 56t walls · 1 gate(s)
St.Jimmy's base· Open — 3t gap
Karl_Liebknecht's base· Open — unwalled flank
Smoothed initial terrain · ◌ = detected wall gap · hover for details
Inputs per minute
— Roller-Rolf - - Malaria
Build order — Roller-Rolf
First 150 of 301 actions detected
| 0:01 | Create | Villager (Male) |
| 0:01 | Create | Villager (Male) |
| 0:03 | Build | House |
| 0:03 | Build | House |
| 0:05 | Build | House |
| 0:18 | Create | Villager (Male) |
| 0:18 | Create | Villager (Male) |
| 1:26 | Create | Villager (Male) |
| 2:03 | Create | Villager (Male) |
| 2:03 | Create | Villager (Male) |
| 2:07 | Build | Lumber Camp |
| 2:08 | Create | Villager (Male) |
| 2:47 | Create | Villager (Male) |
| 2:48 | Create | Villager (Male) |
| 3:12 | Create | Villager (Male) |
| 3:12 | Create | Villager (Male) |
| 4:01 | Create | Villager (Male) |
| 4:01 | Create | Villager (Male) |
| 4:01 | Create | Villager (Male) |
| 4:39 | Create | Villager (Male) |
| 4:39 | Create | Villager (Male) |
| 5:32 | Create | Villager (Male) |
| 5:32 | Create | Villager (Male) |
| 5:32 | Create | Villager (Male) |
| 5:33 | Create | Villager (Male) |
| 6:40 | Build | Mining Camp |
| 6:57 | Research | Loom |
| 7:26 | Research | Feudal Age |
| 7:26 | Research | Feudal Age |
| 7:48 | Build | House |
| 8:27 | Build | Barracks |
| 8:46 | Build | Palisade Wall |
| 9:12 | Create | Villager (Male) |
| 9:13 | Create | Villager (Male) |
| 9:43 | Build | House |
| 9:47 | Age | Feudal Age |
| 9:49 | Build | Mill |
| 9:53 | Build | Archery Range |
| 10:04 | Build | Archery Range |
| 10:25 | Build | Palisade Wall |
| 10:27 | Build | Palisade Wall |
| 10:40 | Create | Archer |
| 10:40 | Create | Archer |
| 10:49 | Build | House |
| 10:51 | Build | House |
| 10:55 | Create | Villager (Male) |
| 10:55 | Create | Villager (Male) |
| 11:20 | Build | House |
| 11:21 | Build | House |
| 11:25 | Build | Palisade Wall |
| 11:27 | Build | Palisade Wall |
| 11:30 | Create | Archer |
| 11:30 | Create | Archer |
| 11:38 | Build | House |
| 11:41 | Create | Villager (Male) |
| 11:41 | Create | Villager (Male) |
| 11:57 | Create | Villager (Male) |
| 12:03 | Build | Farm |
| 12:03 | Build | Farm |
| 12:03 | Build | Farm |
| 12:03 | Build | Farm |
| 12:04 | Build | Farm |
| 12:08 | Create | Archer |
| 12:08 | Create | Archer |
| 12:27 | Build | Palisade Wall |
| 12:40 | Create | Villager (Male) |
| 12:40 | Create | Villager (Male) |
| 12:43 | Build | Farm |
| 12:52 | Create | Archer |
| 12:52 | Create | Archer |
| 13:17 | Create | Villager (Male) |
| 13:20 | Build | Blacksmith |
| 13:34 | Create | Villager (Male) |
| 13:49 | Create | Archer |
| 13:49 | Create | Archer |
| 14:11 | Create | Villager (Male) |
| 14:15 | Create | Archer |
| 14:15 | Create | Archer |
| 14:20 | Build | House |
| 14:22 | Build | House |
| 14:29 | Build | Farm |
| 14:30 | Build | Farm |
| 14:30 | Build | Farm |
| 14:30 | Build | Farm |
| 14:30 | Build | Farm |
| 14:31 | Build | Farm |
| 14:31 | Build | Farm |
| 14:31 | Build | Farm |
| 14:32 | Build | Farm |
| 14:32 | Build | Farm |
| 14:32 | Build | Farm |
| 14:38 | Create | Archer ×2 |
| 14:38 | Create | Archer ×2 |
| 14:56 | Research | Fletching |
| 15:10 | Create | Villager (Male) |
| 15:10 | Create | Villager (Male) |
| 15:10 | Create | Villager (Male) |
| 15:16 | Build | Farm |
| 15:26 | Create | Archer ×2 |
| 15:26 | Create | Archer ×2 |
| 15:27 | Create | Villager (Male) |
| 15:27 | Create | Villager (Male) |
| 15:39 | Create | Archer |
| 15:39 | Create | Archer |
| 16:20 | Create | Archer |
| 16:23 | Create | Villager (Male) |
| 16:24 | Create | Archer ×2 |
| 16:24 | Create | Archer ×2 |
| 16:29 | Build | House |
| 16:30 | Build | House |
| 16:33 | Build | Farm |
| 16:34 | Build | Farm |
| 16:34 | Build | Farm |
| 16:34 | Build | Farm |
| 16:42 | Create | Villager (Male) |
| 16:46 | Create | Archer ×2 |
| 16:46 | Create | Archer ×2 |
| 16:48 | Create | Villager (Male) |
| 17:02 | Build | Farm |
| 17:09 | Create | Villager (Male) |
| 17:23 | Build | Farm |
| 17:32 | Build | House |
| 17:47 | Build | Farm |
| 17:54 | Build | Farm |
| 17:56 | Create | Villager (Male) |
| 18:10 | Build | House |
| 18:15 | Create | Archer |
| 18:15 | Create | Archer |
| 18:27 | Build | Farm |
| 18:37 | Create | Villager (Male) |
| 18:47 | Build | Farm |
| 18:55 | Create | Villager (Male) |
| 19:06 | Build | Farm |
| 19:08 | Create | Villager (Male) |
| 19:41 | Build | Palisade Gate |
| 19:48 | Create | Villager (Male) |
| 19:51 | Create | Archer ×4 |
| 19:51 | Create | Archer ×4 |
| 20:03 | Build | House |
| 20:08 | Create | Villager (Male) |
| 20:15 | Build | Farm |
| 20:32 | Create | Spearman |
| 20:32 | Create | Spearman |
| 20:37 | Build | House |
| 21:21 | Research | Castle Age |
| 21:49 | Research | Gold Mining |
| 21:52 | Research | Horse Collar |
| 21:57 | Create | Archer ×2 |
| 21:57 | Create | Archer ×2 |
| 21:58 | Create | Archer ×2 |
Build order — Malaria
First 150 of 331 actions detected
| 0:01 | Create | Villager (Male) |
| 0:01 | Create | Villager (Male) |
| 0:01 | Create | Villager (Male) |
| 0:03 | Build | House |
| 0:05 | Build | House |
| 0:40 | Create | Villager (Male) |
| 1:43 | Create | Villager (Male) |
| 1:50 | Build | Lumber Camp |
| 2:04 | Create | Villager (Male) |
| 2:04 | Create | Villager (Male) |
| 2:35 | Create | Villager (Male) |
| 2:53 | Build | House |
| 2:55 | Create | Villager (Male) |
| 3:13 | Create | Villager (Male) |
| 3:16 | Build | House |
| 4:15 | Build | Mill |
| 4:16 | Create | Villager (Male) |
| 4:16 | Create | Villager (Male) |
| 4:16 | Create | Villager (Male) |
| 4:34 | Create | Villager (Male) |
| 4:34 | Create | Villager (Male) |
| 5:58 | Create | Villager (Male) |
| 6:12 | Create | Villager (Male) |
| 6:17 | Build | Palisade Wall |
| 6:18 | Build | Palisade Wall |
| 6:19 | Build | Palisade Wall |
| 6:50 | Create | Villager (Male) |
| 6:59 | Build | Palisade Wall |
| 7:00 | Build | Palisade Wall |
| 7:08 | Create | Villager (Male) |
| 7:08 | Create | Villager (Male) |
| 7:37 | Research | Loom |
| 7:38 | Research | Feudal Age |
| 7:43 | Build | Mining Camp |
| 7:57 | Build | Palisade Wall |
| 7:58 | Build | Palisade Wall |
| 7:59 | Build | Palisade Wall |
| 8:01 | Build | Barracks |
| 8:55 | Build | Palisade Wall |
| 9:19 | Build | Palisade Wall |
| 9:35 | Build | Palisade Wall |
| 9:36 | Build | Palisade Wall |
| 9:38 | Build | Palisade Wall |
| 9:40 | Build | Palisade Gate |
| 9:47 | Build | House |
| 9:51 | Build | Palisade Wall |
| 9:51 | Build | Palisade Wall |
| 10:06 | Create | Villager (Male) |
| 10:06 | Create | Villager (Male) |
| 10:15 | Age | Feudal Age |
| 10:17 | Research | Double-Bit Axe |
| 10:31 | Build | Archery Range |
| 10:55 | Create | Villager (Male) |
| 10:55 | Create | Villager (Male) |
| 11:13 | Create | Villager (Male) |
| 11:30 | Build | Archery Range |
| 11:38 | Create | Villager (Male) |
| 11:43 | Create | Villager (Male) |
| 11:50 | Create | Archer |
| 11:51 | Create | Archer |
| 11:51 | Create | Archer |
| 12:08 | Build | Palisade Wall |
| 12:16 | Build | House |
| 12:22 | Build | House |
| 12:25 | Create | Villager (Male) |
| 12:25 | Create | Villager (Male) |
| 12:28 | Build | Lumber Camp |
| 12:34 | Create | Archer |
| 13:02 | Build | House |
| 13:03 | Build | Palisade Wall |
| 13:12 | Create | Villager (Male) |
| 13:13 | Create | Villager (Male) |
| 13:13 | Create | Villager (Male) |
| 13:25 | Build | House |
| 13:30 | Create | Villager (Male) |
| 13:32 | Create | Archer |
| 13:44 | Build | Blacksmith |
| 13:49 | Build | Palisade Wall |
| 13:59 | Create | Villager (Male) |
| 14:00 | Create | Archer |
| 14:17 | Create | Villager (Male) |
| 14:25 | Research | Fletching |
| 14:30 | Create | Villager (Male) |
| 14:46 | Create | Archer |
| 14:51 | Create | Villager (Male) |
| 15:09 | Create | Archer |
| 15:16 | Create | Archer |
| 15:20 | Create | Villager (Male) |
| 15:20 | Create | Villager (Male) |
| 15:20 | Create | Villager (Male) |
| 15:21 | Create | Villager (Male) |
| 15:43 | Create | Archer |
| 15:52 | Build | Farm |
| 15:53 | Build | Farm |
| 15:53 | Build | Farm |
| 15:53 | Build | Farm |
| 15:54 | Build | Farm |
| 16:19 | Create | Archer |
| 16:19 | Create | Archer |
| 16:34 | Build | Farm |
| 16:38 | Build | Farm |
| 16:38 | Build | Farm |
| 16:39 | Build | Farm |
| 16:39 | Build | Farm |
| 16:48 | Create | Archer |
| 16:48 | Create | Archer |
| 17:16 | Create | Archer |
| 17:28 | Create | Archer |
| 17:44 | Create | Spearman |
| 17:46 | Create | Villager (Male) |
| 17:46 | Create | Villager (Male) |
| 17:49 | Build | Farm |
| 17:51 | Build | Farm |
| 17:53 | Build | Farm |
| 17:56 | Create | Villager (Male) |
| 17:56 | Create | Villager (Male) |
| 18:03 | Build | Farm |
| 18:05 | Build | Farm |
| 18:06 | Build | Farm |
| 18:07 | Build | Mill |
| 18:15 | Research | Horse Collar |
| 18:17 | Build | House |
| 18:28 | Create | Archer |
| 18:28 | Create | Archer |
| 18:29 | Create | Archer |
| 18:36 | Research | Wheelbarrow |
| 18:50 | Create | Archer |
| 18:50 | Create | Archer |
| 18:50 | Create | Archer |
| 19:05 | Create | Archer |
| 19:05 | Create | Archer |
| 19:55 | Create | Archer |
| 19:56 | Create | Archer |
| 20:10 | Create | Villager (Male) |
| 20:10 | Create | Villager (Male) |
| 20:10 | Create | Villager (Male) |
| 20:11 | Create | Villager (Male) |
| 20:19 | Create | Archer |
| 20:19 | Create | Archer |
| 20:20 | Create | Archer |
| 20:26 | Research | Padded Archer Armor |
| 20:35 | Create | Archer |
| 20:50 | Build | House |
| 21:00 | Create | Archer |
| 21:00 | Create | Archer |
| 21:16 | Research | Castle Age |
| 21:25 | Build | Archery Range |
| 21:43 | Research | Gold Mining |
| 22:16 | Create | Archer |
| 22:16 | Create | Archer |
Build order — Klabusterperle
First 150 of 383 actions detected
| 0:00 | Create | Villager (Male) |
| 0:01 | Create | Villager (Male) |
| 0:02 | Build | House |
| 0:03 | Build | House |
| 0:04 | Create | Villager (Male) |
| 0:04 | Create | Villager (Male) |
| 1:23 | Create | Villager (Male) |
| 1:51 | Create | Villager (Male) |
| 2:11 | Build | House |
| 2:26 | Create | Villager (Male) |
| 2:51 | Build | Lumber Camp |
| 2:55 | Create | Villager (Male) |
| 3:06 | Create | Villager (Male) |
| 3:46 | Create | Villager (Male) |
| 3:47 | Create | Villager (Male) |
| 3:51 | Create | Villager (Male) |
| 4:40 | Create | Villager (Male) |
| 4:40 | Create | Villager (Male) |
| 5:20 | Create | Villager (Male) |
| 5:34 | Build | Mill |
| 6:27 | Create | Villager (Male) |
| 6:43 | Research | Feudal Age |
| 8:10 | Build | Barracks |
| 8:12 | Create | Villager (Male) |
| 8:29 | Research | Loom |
| 8:47 | Build | House |
| 9:02 | Age | Feudal Age |
| 9:05 | Create | Villager (Male) |
| 9:07 | Research | Double-Bit Axe |
| 9:29 | Build | Archery Range |
| 9:39 | Create | Villager (Male) |
| 9:53 | Create | Villager (Male) |
| 9:57 | Build | Mining Camp |
| 10:02 | Build | House |
| 10:06 | Build | House |
| 10:08 | Build | Palisade Wall |
| 10:14 | Create | Villager (Male) |
| 10:32 | Create | Archer |
| 10:39 | Create | Villager (Male) |
| 10:44 | Build | House |
| 10:50 | Build | House |
| 11:18 | Create | Villager (Male) |
| 11:18 | Create | Villager (Male) |
| 11:22 | Research | Horse Collar |
| 11:32 | Build | House |
| 11:34 | Build | House |
| 11:44 | Create | Spearman |
| 11:45 | Create | Villager (Male) |
| 11:45 | Create | Villager (Male) |
| 11:54 | Build | Farm |
| 11:56 | Build | Farm |
| 11:57 | Create | Villager (Male) |
| 12:04 | Build | Farm |
| 12:04 | Create | Villager (Male) |
| 12:16 | Create | Archer |
| 12:16 | Create | Archer |
| 12:16 | Create | Archer |
| 12:27 | Create | Villager (Male) |
| 12:32 | Build | House |
| 12:37 | Create | Villager (Male) |
| 12:41 | Create | Archer |
| 12:56 | Build | House |
| 12:58 | Build | House |
| 13:04 | Create | Villager (Male) |
| 13:04 | Create | Villager (Male) |
| 13:11 | Create | Villager (Male) |
| 13:13 | Build | Farm |
| 13:17 | Build | Farm |
| 13:26 | Build | House |
| 13:32 | Build | Palisade Wall |
| 13:47 | Build | Farm |
| 13:47 | Build | Farm |
| 13:48 | Build | Farm |
| 13:57 | Create | Villager (Male) |
| 13:57 | Create | Villager (Male) |
| 14:02 | Create | Archer |
| 14:05 | Build | Farm |
| 14:20 | Build | Farm |
| 14:25 | Create | Villager (Male) |
| 14:29 | Create | Archer |
| 14:38 | Build | Farm |
| 15:06 | Build | Farm |
| 15:06 | Create | Villager (Male) |
| 15:14 | Build | Farm |
| 15:16 | Build | Farm |
| 15:19 | Build | Farm |
| 15:21 | Create | Archer |
| 15:36 | Create | Villager (Male) |
| 15:38 | Build | Farm |
| 16:05 | Create | Villager (Male) |
| 16:07 | Build | Farm |
| 16:08 | Create | Archer |
| 16:08 | Create | Archer |
| 16:14 | Create | Spearman |
| 16:27 | Build | Blacksmith |
| 16:27 | Create | Villager (Male) |
| 16:43 | Build | Farm |
| 16:44 | Create | Villager (Male) |
| 16:46 | Create | Spearman |
| 16:47 | Create | Villager (Male) |
| 16:53 | Create | Archer |
| 17:18 | Build | Farm |
| 17:19 | Create | Villager (Male) |
| 17:22 | Research | Fletching |
| 17:24 | Create | Archer |
| 17:24 | Create | Archer |
| 17:38 | Create | Villager (Male) |
| 17:41 | Create | Villager (Male) |
| 18:00 | Create | Villager (Male) |
| 18:04 | Build | Farm |
| 18:16 | Create | Archer |
| 18:38 | Create | Villager (Male) |
| 18:57 | Create | Archer |
| 19:01 | Build | Archery Range |
| 19:04 | Build | House |
| 19:08 | Create | Archer |
| 19:10 | Research | Padded Archer Armor |
| 19:36 | Build | Market |
| 20:06 | Build | Lumber Camp |
| 20:13 | Build | Mining Camp |
| 20:17 | Create | Archer |
| 20:20 | Create | Villager (Male) |
| 20:30 | Research | Castle Age |
| 20:32 | Create | Archer |
| 20:32 | Create | Archer |
| 20:43 | Research | Gold Mining |
| 20:57 | Create | Archer |
| 21:07 | Research | Stone Mining |
| 21:10 | Create | Archer |
| 21:34 | Create | Archer |
| 21:36 | Create | Villager (Male) |
| 21:40 | Research | Padded Archer Armor |
| 21:40 | Research | Padded Archer Armor |
| 21:42 | Create | Villager (Male) |
| 21:58 | Create | Archer |
| 22:15 | Create | Archer |
| 22:25 | Create | Villager (Male) |
| 22:39 | Create | Archer |
| 22:39 | Create | Archer |
| 22:49 | Build | House |
| 22:51 | Build | House |
| 22:52 | Build | House |
| 22:56 | Create | Archer |
| 23:13 | Create | Villager (Male) |
| 23:25 | Age | Castle Age |
| 23:28 | Research | Bodkin Arrow |
| 23:28 | Research | Bodkin Arrow |
| 23:34 | Research | Crossbowman (upgrade) |
| 23:46 | Build | Castle |
| 23:59 | Create | Villager (Male) |
Build order — Death's Whale
First 150 of 260 actions detected
| 0:00 | Create | Villager (Male) |
| 0:01 | Create | Villager (Male) |
| 0:02 | Build | House |
| 0:04 | Build | House |
| 0:49 | Create | Villager (Male) |
| 0:49 | Create | Villager (Male) |
| 1:39 | Create | Villager (Male) |
| 2:06 | Create | Villager (Male) |
| 2:15 | Build | Lumber Camp |
| 2:24 | Create | Villager (Male) |
| 2:50 | Create | Villager (Male) |
| 3:06 | Create | Villager (Male) |
| 3:44 | Build | Mill |
| 4:00 | Create | Villager (Male) |
| 4:15 | Create | Villager (Male) |
| 4:23 | Build | House |
| 4:59 | Create | Villager (Male) |
| 5:25 | Create | Villager (Male) |
| 6:04 | Create | Villager (Male) |
| 6:09 | Create | Villager (Male) |
| 6:16 | Create | Villager (Male) |
| 6:22 | Build | House |
| 7:11 | Create | Villager (Male) |
| 7:22 | Build | Mining Camp |
| 7:23 | Create | Villager (Male) |
| 7:26 | Research | Loom |
| 7:44 | Create | Villager (Male) |
| 8:10 | Create | Villager (Male) |
| 8:24 | Build | Barracks |
| 8:25 | Build | House |
| 8:28 | Create | Villager (Male) |
| 8:56 | Create | Villager (Male) |
| 9:06 | Create | Villager (Male) |
| 9:10 | Create | Villager (Male) |
| 9:13 | Research | Feudal Age |
| 9:14 | Create | Militia |
| 9:34 | Create | Militia |
| 10:01 | Build | Mill |
| 10:05 | Create | Militia |
| 10:05 | Create | Militia |
| 10:13 | Build | House |
| 10:17 | Build | House |
| 10:52 | Build | Palisade Wall |
| 11:08 | Create | Militia |
| 11:30 | Create | Villager (Male) |
| 11:35 | Age | Feudal Age |
| 11:37 | Research | Man-at-Arms (upgrade) |
| 11:55 | Build | Blacksmith |
| 11:57 | Create | Villager (Male) |
| 12:06 | Build | House |
| 12:20 | Build | Palisade Wall |
| 12:41 | Create | Villager (Male) |
| 12:45 | Build | Farm |
| 12:45 | Build | Farm |
| 13:03 | Build | Palisade Wall |
| 13:08 | Build | Palisade Wall |
| 13:10 | Create | Villager (Male) |
| 13:41 | Create | Villager (Male) |
| 13:47 | Build | Farm |
| 13:54 | Research | Double-Bit Axe |
| 14:02 | Research | Horse Collar |
| 14:04 | Create | Villager (Male) |
| 14:25 | Create | Villager (Male) |
| 14:42 | Create | Villager (Male) |
| 14:50 | Build | Farm |
| 14:56 | Build | Farm |
| 14:56 | Build | Farm |
| 14:59 | Create | Villager (Male) |
| 15:33 | Create | Villager (Male) |
| 15:37 | Create | Villager (Male) |
| 16:13 | Create | Villager (Male) |
| 16:21 | Create | Villager (Male) |
| 16:41 | Build | Farm |
| 16:44 | Create | Spearman |
| 16:44 | Create | Spearman |
| 16:48 | Build | House |
| 17:03 | Create | Spearman |
| 17:06 | Build | House |
| 17:11 | Build | House |
| 17:17 | Build | Palisade Wall |
| 17:19 | Create | Spearman |
| 17:53 | Build | Farm |
| 17:53 | Build | Farm |
| 18:24 | Create | Villager (Male) |
| 18:31 | Create | Villager (Male) |
| 18:34 | Build | Farm |
| 18:35 | Build | Farm |
| 18:35 | Build | Farm |
| 18:35 | Build | Farm |
| 18:35 | Build | Farm |
| 18:36 | Build | Farm |
| 18:36 | Build | Farm |
| 18:36 | Build | Farm |
| 18:38 | Create | Villager (Male) |
| 18:55 | Build | House |
| 19:01 | Create | Villager (Male) |
| 19:06 | Create | Villager (Male) |
| 19:08 | Research | Fletching |
| 19:27 | Build | Lumber Camp |
| 19:34 | Build | Mining Camp |
| 19:35 | Create | Villager (Male) |
| 19:36 | Create | Villager (Male) |
| 19:55 | Build | Palisade Gate |
| 19:58 | Create | Villager (Male) |
| 20:27 | Create | Villager (Male) |
| 20:37 | Build | Market |
| 20:50 | Create | Villager (Male) |
| 21:28 | Build | House |
| 21:33 | Research | Castle Age |
| 22:23 | Build | Archery Range |
| 22:25 | Build | Archery Range |
| 22:31 | Create | Villager (Male) |
| 22:31 | Create | Villager (Male) |
| 22:34 | Create | Villager (Male) |
| 22:41 | Create | Villager (Male) |
| 22:42 | Create | Villager (Male) |
| 22:52 | Research | Gold Mining |
| 22:58 | Research | Stone Mining |
| 23:21 | Create | Villager (Male) |
| 23:27 | Research | Wheelbarrow |
| 23:32 | Create | Archer |
| 23:33 | Create | Archer |
| 23:37 | Build | House |
| 23:38 | Build | House |
| 23:39 | Build | House |
| 23:41 | Build | House |
| 24:13 | Age | Castle Age |
| 24:14 | Build | Gate |
| 24:18 | Create | Villager (Male) |
| 24:21 | Create | Archer |
| 24:21 | Create | Archer |
| 24:30 | Research | Thumb Ring |
| 24:30 | Create | Skirmisher |
| 24:47 | Build | Mining Camp |
| 24:51 | Create | Skirmisher |
| 24:51 | Create | Skirmisher |
| 24:52 | Create | Skirmisher |
| 25:23 | Create | Villager (Male) |
| 25:33 | Research | Padded Archer Armor |
| 25:42 | Build | Lumber Camp |
| 25:48 | Create | Villager (Male) |
| 26:00 | Build | Mining Camp |
| 26:02 | Create | Villager (Male) |
| 26:29 | Build | House |
| 26:33 | Build | House |
| 26:53 | Create | Villager (Male) |
| 26:57 | Research | Town Watch |
| 27:22 | Build | Lumber Camp |
| 27:39 | Create | Skirmisher |
| 27:39 | Create | Skirmisher |
Build order — St.Jimmy
First 150 of 295 actions detected
| 0:01 | Create | Villager (Male) |
| 0:01 | Create | Villager (Male) |
| 0:02 | Build | House |
| 0:03 | Build | House |
| 0:21 | Create | Villager (Male) |
| 0:22 | Create | Villager (Male) |
| 0:22 | Create | Villager (Male) |
| 0:22 | Create | Villager (Male) |
| 1:32 | Create | Villager (Male) |
| 2:10 | Create | Villager (Male) |
| 2:10 | Create | Villager (Male) |
| 2:10 | Create | Villager (Male) |
| 2:12 | Build | Lumber Camp |
| 3:01 | Create | Villager (Male) |
| 3:17 | Create | Villager (Male) |
| 3:36 | Create | Villager (Male) |
| 3:43 | Build | House |
| 3:47 | Create | Villager (Male) |
| 4:00 | Build | Mill |
| 4:23 | Create | Villager (Male) |
| 5:09 | Create | Villager (Male) |
| 5:27 | Create | Villager (Male) |
| 5:28 | Create | Villager (Male) |
| 5:28 | Create | Villager (Male) |
| 5:29 | Create | Villager (Male) |
| 5:30 | Create | Villager (Male) |
| 6:17 | Research | Loom |
| 6:51 | Create | Villager (Male) |
| 6:55 | Research | Feudal Age |
| 7:20 | Build | House |
| 7:44 | Build | Barracks |
| 8:48 | Create | Villager (Male) |
| 8:49 | Create | Villager (Male) |
| 8:59 | Age | Feudal Age |
| 9:01 | Build | Stable |
| 9:07 | Research | Double-Bit Axe |
| 9:24 | Create | Villager (Male) |
| 9:26 | Build | Mining Camp |
| 9:42 | Build | House |
| 9:43 | Create | Scout Cavalry |
| 9:43 | Create | Scout Cavalry |
| 9:47 | Build | House |
| 9:53 | Build | Palisade Wall |
| 9:56 | Create | Villager (Male) |
| 10:12 | Create | Villager (Male) |
| 10:28 | Build | House |
| 10:31 | Build | House |
| 10:33 | Create | Villager (Male) |
| 10:33 | Create | Villager (Male) |
| 10:38 | Create | Scout Cavalry |
| 10:46 | Create | Villager (Male) |
| 11:00 | Build | Blacksmith |
| 11:03 | Build | House |
| 11:47 | Build | Farm |
| 11:47 | Build | Farm |
| 11:48 | Build | Farm |
| 11:48 | Build | Farm |
| 11:48 | Build | Farm |
| 11:48 | Build | Farm |
| 11:53 | Build | House |
| 12:29 | Build | House |
| 12:38 | Build | Farm |
| 12:38 | Build | Farm |
| 12:38 | Build | Farm |
| 12:38 | Build | Farm |
| 12:39 | Build | Farm |
| 12:46 | Build | Farm |
| 12:51 | Build | Farm |
| 12:52 | Create | Villager (Male) |
| 12:53 | Create | Villager (Male) |
| 12:55 | Create | Villager (Male) |
| 12:58 | Create | Scout Cavalry |
| 12:59 | Create | Scout Cavalry |
| 12:59 | Create | Scout Cavalry |
| 13:04 | Build | House |
| 13:53 | Build | House |
| 13:55 | Research | Scale Barding Armor |
| 13:57 | Create | Villager (Male) |
| 14:05 | Build | Farm |
| 14:05 | Build | Farm |
| 14:06 | Build | Farm |
| 14:06 | Build | Farm |
| 14:06 | Build | Farm |
| 14:06 | Build | Farm |
| 14:17 | Create | Villager (Male) |
| 14:20 | Build | Farm |
| 14:24 | Build | House |
| 14:27 | Build | Farm |
| 14:46 | Create | Villager (Male) |
| 14:47 | Create | Villager (Male) |
| 15:12 | Create | Villager (Male) |
| 15:18 | Build | House |
| 15:21 | Build | House |
| 15:24 | Build | House |
| 15:25 | Build | House |
| 15:26 | Create | Villager (Male) |
| 15:28 | Build | Farm |
| 15:28 | Build | Farm |
| 15:29 | Build | Farm |
| 15:29 | Build | Farm |
| 15:29 | Build | Farm |
| 16:03 | Build | Farm |
| 16:06 | Build | Farm |
| 16:13 | Build | Lumber Camp |
| 16:52 | Create | Villager (Male) |
| 16:52 | Create | Villager (Male) |
| 16:53 | Create | Villager (Male) |
| 17:07 | Create | Villager (Male) |
| 17:10 | Build | House |
| 17:13 | Build | Market |
| 17:20 | Build | Farm |
| 17:22 | Build | Farm |
| 17:33 | Build | Farm |
| 18:27 | Research | Castle Age |
| 18:35 | Build | House |
| 18:47 | Research | Bloodlines |
| 19:28 | Build | Stable |
| 19:37 | Build | House |
| 19:39 | Build | House |
| 19:41 | Build | House |
| 19:42 | Build | House |
| 19:45 | Create | Villager (Male) |
| 19:48 | Research | Horse Collar |
| 19:49 | Research | Gold Mining |
| 19:52 | Research | Forging |
| 20:46 | Build | Stable |
| 20:52 | Age | Castle Age |
| 20:54 | Build | Town Center |
| 20:57 | Research | Husbandry |
| 20:57 | Create | Knight ×5 |
| 20:58 | Create | Knight ×5 |
| 21:15 | Create | Villager (Male) |
| 21:25 | Build | Farm |
| 21:32 | Build | House |
| 21:38 | Build | Monastery |
| 21:44 | Create | Knight |
| 21:44 | Create | Knight |
| 22:14 | Research | Wheelbarrow |
| 22:27 | Create | Monk |
| 22:32 | Build | Farm |
| 22:36 | Build | Farm |
| 22:38 | Create | Villager (Male) |
| 22:38 | Create | Villager (Male) |
| 22:39 | Create | Villager (Male) |
| 23:06 | Create | Villager (Male) |
| 23:06 | Create | Villager (Male) |
| 23:12 | Create | Knight |
| 23:12 | Create | Knight |
| 23:13 | Create | Villager (Male) |
| 23:14 | Create | Villager (Male) |
Build order — Karl_Liebknecht
First 150 of 245 actions detected
| 0:04 | Create | Villager (Male) ×4 |
| 0:06 | Build | House |
| 0:07 | Build | House |
| 1:41 | Create | Villager (Male) |
| 1:41 | Create | Villager (Male) |
| 2:14 | Create | Villager (Male) |
| 2:14 | Create | Villager (Male) |
| 2:18 | Build | Lumber Camp |
| 2:21 | Create | Villager (Male) |
| 2:22 | Create | Villager (Male) |
| 2:55 | Create | Villager (Male) |
| 2:55 | Create | Villager (Male) |
| 3:04 | Build | House |
| 3:13 | Create | Villager (Male) |
| 3:39 | Create | Villager (Male) |
| 3:39 | Create | Villager (Male) |
| 4:52 | Create | Villager (Male) |
| 5:00 | Create | Villager (Male) |
| 5:01 | Create | Villager (Male) |
| 5:01 | Create | Villager (Male) |
| 5:02 | Create | Villager (Male) |
| 5:03 | Create | Villager (Male) |
| 6:17 | Build | Mill |
| 6:23 | Research | Loom |
| 7:35 | Research | Feudal Age |
| 7:50 | Build | House |
| 8:45 | Build | Barracks |
| 9:21 | Create | Villager (Male) |
| 9:21 | Create | Villager (Male) |
| 9:58 | Age | Feudal Age |
| 9:59 | Build | Stable |
| 10:03 | Research | Double-Bit Axe |
| 10:06 | Create | Villager (Male) |
| 10:32 | Build | House |
| 10:34 | Create | Villager (Male) |
| 11:18 | Build | Palisade Wall |
| 11:22 | Build | House |
| 11:24 | Create | Villager (Male) |
| 11:24 | Create | Villager (Male) |
| 11:32 | Create | Scout Cavalry |
| 11:33 | Create | Scout Cavalry |
| 11:53 | Create | Spearman |
| 12:13 | Build | Palisade Wall |
| 12:19 | Create | Scout Cavalry |
| 12:25 | Build | Farm |
| 12:25 | Build | Farm |
| 12:25 | Build | Farm |
| 12:26 | Build | Farm |
| 12:33 | Build | Farm |
| 12:33 | Build | Farm |
| 12:43 | Build | Palisade Wall |
| 12:47 | Create | Scout Cavalry |
| 12:57 | Build | Farm |
| 13:22 | Create | Villager (Male) |
| 13:22 | Create | Villager (Male) |
| 13:53 | Build | Palisade Wall |
| 13:55 | Create | Villager (Male) |
| 13:56 | Create | Villager (Male) |
| 13:57 | Build | Farm |
| 14:03 | Build | House |
| 14:14 | Build | Mining Camp |
| 14:19 | Create | Spearman |
| 15:48 | Build | Farm |
| 15:48 | Build | Farm |
| 15:49 | Build | Farm |
| 16:34 | Research | Gold Mining |
| 16:36 | Create | Villager (Male) |
| 16:37 | Create | Villager (Male) |
| 17:50 | Create | Villager (Male) |
| 17:50 | Create | Villager (Male) |
| 18:00 | Create | Villager (Male) |
| 18:00 | Create | Villager (Male) |
| 18:07 | Build | Market |
| 19:05 | Build | Palisade Wall |
| 19:23 | Build | Palisade Wall |
| 19:41 | Research | Castle Age |
| 19:47 | Build | Farm |
| 19:51 | Build | Farm |
| 19:59 | Build | Farm |
| 20:11 | Build | Farm |
| 20:20 | Build | House |
| 20:38 | Build | Farm |
| 20:42 | Create | Villager (Male) |
| 20:42 | Create | Villager (Male) |
| 21:31 | Build | Stable |
| 22:12 | Build | Blacksmith |
| 22:21 | Age | Castle Age |
| 22:24 | Create | Knight |
| 22:24 | Create | Knight |
| 22:36 | Research | Bow Saw |
| 22:43 | Build | House |
| 22:51 | Create | Knight |
| 22:52 | Create | Knight |
| 23:22 | Create | Knight |
| 23:23 | Create | Knight |
| 23:25 | Research | Forging |
| 23:46 | Research | Scale Barding Armor |
| 23:49 | Create | Knight |
| 23:49 | Create | Knight |
| 23:52 | Create | Villager (Male) |
| 23:52 | Create | Villager (Male) |
| 24:28 | Research | Husbandry |
| 24:33 | Build | Palisade Gate |
| 24:36 | Create | Knight |
| 24:36 | Create | Knight |
| 25:21 | Create | Knight |
| 25:21 | Create | Knight |
| 25:21 | Create | Knight |
| 25:26 | Build | House |
| 25:27 | Build | House |
| 25:27 | Build | House |
| 25:29 | Create | Villager (Male) |
| 25:29 | Create | Villager (Male) |
| 25:30 | Create | Villager (Male) |
| 26:04 | Create | Knight |
| 26:04 | Create | Knight |
| 26:26 | Create | Villager (Male) |
| 26:27 | Create | Villager (Male) |
| 27:01 | Create | Knight |
| 27:01 | Create | Knight |
| 27:21 | Build | Farm |
| 27:21 | Build | Farm |
| 27:22 | Build | Farm |
| 27:22 | Build | Farm |
| 27:22 | Build | Farm |
| 27:22 | Build | Farm |
| 27:26 | Research | Wheelbarrow |
| 28:06 | Research | Chain Barding Armor |
| 28:38 | Create | Knight |
| 28:39 | Create | Knight |
| 28:39 | Create | Knight |
| 28:41 | Create | Villager (Male) |
| 28:41 | Create | Villager (Male) |
| 28:44 | Build | House |
| 28:44 | Build | House |
| 28:44 | Build | House |
| 29:06 | Build | Farm |
| 29:06 | Build | Farm |
| 29:09 | Create | Villager (Male) |
| 29:09 | Create | Villager (Male) |
| 29:15 | Build | House |
| 29:15 | Build | House |
| 29:15 | Build | House |
| 29:16 | Build | House |
| 30:20 | Create | Knight |
| 30:21 | Create | Knight |
| 30:21 | Create | Knight |
| 30:21 | Create | Knight |
| 30:22 | Create | Knight |
| 30:42 | Research | Gold Shaft Mining |
Match timeline
| 6:17 | Malaria · wall_segment Palisade Wall x1 |
| 6:18 | Malaria · wall_segment Palisade Wall x1 |
| 6:19 | Malaria · wall_segment Palisade Wall x1 |
| 6:59 | Malaria · wall_segment Palisade Wall x1 |
| 7:00 | Malaria · wall_segment Palisade Wall x1 |
| 7:44 | St.Jimmy · first_building Barracks |
| 7:57 | Malaria · wall_segment Palisade Wall x1 |
| 7:58 | Malaria · wall_segment Palisade Wall x1 |
| 7:59 | Malaria · wall_segment Palisade Wall x1 |
| 8:01 | Malaria · first_building Barracks |
| 8:10 | Klabusterperle · first_building Barracks |
| 8:24 | Death's Whale · first_building Barracks |
| 8:27 | Roller-Rolf · first_building Barracks |
| 8:45 | Karl_Liebknecht · first_building Barracks |
| 8:46 | Roller-Rolf · wall_segment Palisade Wall x14 |
| 8:55 | Malaria · wall_segment Palisade Wall x6 |
| 8:59 | St.Jimmy · age_up feudal |
| 9:01 | St.Jimmy · first_building Stable |
| 9:02 | Klabusterperle · age_up feudal |
| 9:19 | Malaria · wall_segment Palisade Wall x5 |
| 9:29 | Klabusterperle · first_building Archery Range |
| 9:35 | Malaria · wall_segment Palisade Wall x1 |
| 9:36 | Malaria · wall_segment Palisade Wall x1 |
| 9:38 | Malaria · wall_segment Palisade Wall x8 |
| 9:47 | Roller-Rolf · age_up feudal |
| 9:51 | Malaria · wall_segment Palisade Wall x1 |
| 9:51 | Malaria · wall_segment Palisade Wall x1 |
| 9:53 | Roller-Rolf · first_building Archery Range |
| 9:53 | St.Jimmy · wall_segment Palisade Wall x1 |
| 9:58 | Karl_Liebknecht · age_up feudal |
| 9:59 | Karl_Liebknecht · first_building Stable |
| 10:08 | Klabusterperle · wall_segment Palisade Wall x1 |
| 10:15 | Malaria · age_up feudal |
| 10:25 | Roller-Rolf · wall_segment Palisade Wall x3 |
| 10:27 | Roller-Rolf · wall_segment Palisade Wall x1 |
| 10:31 | Malaria · first_building Archery Range |
| 10:52 | Death's Whale · wall_segment Palisade Wall x9 |
| 11:18 | Karl_Liebknecht · wall_segment Palisade Wall x10 |
| 11:25 | Roller-Rolf · wall_segment Palisade Wall x1 |
| 11:27 | Roller-Rolf · wall_segment Palisade Wall x5 |
| 11:35 | Death's Whale · age_up feudal |
| 12:08 | Malaria · wall_segment Palisade Wall x6 |
| 12:13 | Karl_Liebknecht · wall_segment Palisade Wall x12 |
| 12:20 | Death's Whale · wall_segment Palisade Wall x19 |
| 12:27 | Roller-Rolf · wall_segment Palisade Wall x14 |
| 12:43 | Karl_Liebknecht · wall_segment Palisade Wall x10 |
| 13:03 | Death's Whale · wall_segment Palisade Wall x24 |
| 13:03 | Malaria · wall_segment Palisade Wall x1 |
| 13:08 | Death's Whale · wall_segment Palisade Wall x3 |
| 13:32 | Klabusterperle · wall_segment Palisade Wall x1 |
| 13:49 | Malaria · wall_segment Palisade Wall x4 |
| 13:53 | Karl_Liebknecht · wall_segment Palisade Wall x23 |
| 17:17 | Death's Whale · wall_segment Palisade Wall x1 |
| 18:26 | St.Jimmy · first_market_buy 100 food |
| 19:05 | Karl_Liebknecht · wall_segment Palisade Wall x1 |
| 19:23 | Karl_Liebknecht · wall_segment Palisade Wall x9 |
| 19:37 | Karl_Liebknecht · first_market_buy 100 food |
| 20:28 | Klabusterperle · first_market_sell 100 food |
| 20:52 | St.Jimmy · age_up castle |
| 21:22 | St.Jimmy · first_market_sell 100 wood |
| 21:38 | St.Jimmy · first_building Monastery |
| 22:21 | Karl_Liebknecht · age_up castle |
| 22:23 | Death's Whale · first_building Archery Range |
| 23:25 | Klabusterperle · age_up castle |
| 23:46 | Klabusterperle · first_building Castle |
| 23:58 | Klabusterperle · first_market_buy 100 food |
| 24:01 | Roller-Rolf · age_up castle |
| 24:11 | Malaria · age_up castle |
| 24:13 | Death's Whale · age_up castle |
| 24:55 | Klabusterperle · wall_segment Palisade Wall x1 |
| 25:12 | Malaria · first_building Siege Workshop |
| 26:07 | Klabusterperle · first_building Siege Workshop |
| 27:12 | Karl_Liebknecht · first_market_sell 100 wood |
| 29:00 | Klabusterperle · first_building Monastery |
| 30:43 | Death's Whale · first_building Castle |
| 31:16 | St.Jimmy · tribute_sent a jugador 1 |
| 31:16 | St.Jimmy · tribute_sent a jugador 2 |
| 31:16 | St.Jimmy · tribute_sent a jugador 3 |
| 31:16 | St.Jimmy · tribute_sent a jugador 4 |
| 31:16 | St.Jimmy · tribute_sent a jugador 6 |
| 31:25 | Karl_Liebknecht · tribute_sent a jugador 1 |
| 31:25 | Karl_Liebknecht · tribute_sent a jugador 2 |
| 31:25 | Karl_Liebknecht · tribute_sent a jugador 3 |
| 31:25 | Karl_Liebknecht · tribute_sent a jugador 4 |
| 31:25 | Karl_Liebknecht · tribute_sent a jugador 5 |
| 31:47 | St.Jimmy · tribute_sent a jugador 1 |
| 31:47 | St.Jimmy · tribute_sent a jugador 2 |
| 31:47 | St.Jimmy · tribute_sent a jugador 3 |
| 31:47 | St.Jimmy · tribute_sent a jugador 4 |
| 31:47 | St.Jimmy · tribute_sent a jugador 6 |
| 33:10 | Death's Whale · first_building Siege Workshop |
| 33:15 | Klabusterperle · wall_segment Palisade Wall x1 |
| 34:07 | Death's Whale · first_market_buy 100 food |
| 36:03 | Malaria · first_building Monastery |
| 38:11 | Roller-Rolf · first_market_buy 100 stone |
| 39:51 | Karl_Liebknecht · first_building Monastery |
| 39:52 | St.Jimmy · age_up imperial |
| 40:35 | Karl_Liebknecht · first_building Castle |
| 40:47 | Malaria · age_up imperial |
| 41:09 | Roller-Rolf · first_market_sell 100 wood |
| 43:02 | St.Jimmy · first_building Castle |
| 43:15 | Karl_Liebknecht · resign |
| 43:24 | St.Jimmy · tribute_sent a jugador 1 |
| 43:24 | St.Jimmy · tribute_sent a jugador 2 |
| 43:24 | St.Jimmy · tribute_sent a jugador 3 |
| 43:24 | St.Jimmy · tribute_sent a jugador 4 |
| 43:24 | St.Jimmy · tribute_sent a jugador 6 |
[ AI ANALYSIS · 1 CREDIT ]
What really happened in this match?
Wolo.gg analyzes every decision: build order, eco, micro, common mistakes by bracket. Personalized analysis on WhatsApp or Discord in 30 seconds.
Civ guide
Britons
Map guide
Arabia
Perfil
Jugador #4148147